 Dungeon Crawl Stone Soup version 0.29.1-1-gd02db6906a (webtiles) character file.

Game seed: 563103153492441743

2207 hawla the Zephyrmancer (level 9, -1/67 HPs)
             Began as a Meteoran Air Elementalist on Oct 16, 2022.
             Was a Follower of Vehumet.
             Slain by a steam dragon (9 damage)
             ... on level 7 of the Dungeon.
             The game lasted 00:16:14 (3717 turns).

hawla the Zephyrmancer (Meteoran Air Elementalist)  Turns: 3717, Time: 00:16:15

Health: -1/67      AC:  5    Str: 10    XL:     9   Next: 91%
Magic:  7/7        EV: 13    Int: 21    God:    Vehumet [*.....]
Gold:   95         SH:  0    Dex: 15    Spells: 19/27 levels left

rFire   + . .      SeeInvis .   s - +7 long sword "Zaanador" {antimagic, rF+}
rCold   . . .      Faith    .   (no shield)
rNeg    + . .      Spirit   .   h - +2 robe {rN+}
rPois   .          Reflect  .   (no helmet)
rElec   .          Harm     .   p - +0 cloak
rCorr   .          Rampage  .   (no gloves)
Will    +....                   (no boots)
Stlth   +.........              (no amulet)
HPRegen 0.21/turn               (no ring)
MPRegen 0.10/turn               (no ring)

@: glowing
A: sense surroundings 2, otherworldly, glowing, explore regen
a: Renounce Religion


You were on level 7 of the Dungeon.
You worshipped Vehumet.
Vehumet was aware of your devotion.
You visited 2 branches of the dungeon, and saw 8 of its levels.

You collected 149 gold pieces.
You spent 54 gold pieces at shops.

Inventory:

Hand Weapons
 n - a +0 long sword
 s - the +7 long sword "Zaanador" (weapon) {antimagic, rF+}
   (You found it on level 7 of the Dungeon)

   It reduces the magical energy of the wielder, and disrupts the spells and
   magical abilities of those it strikes.
   Natural abilities and divine invocations are not affected.
   rF:        It protects you from fire.
Armour
 e - a +1 pair of gloves
 h - a +2 robe of positive energy (worn)
 p - a +0 cloak (worn)
Magical Staves
 i - a staff of conjuration
Wands
 b - a wand of polymorph (11)
 f - a wand of roots (8)
Scrolls
 g - a scroll of magic mapping
 o - 4 scrolls of identify
Potions
 a - 3 potions of might
 c - 3 potions of flight
 d - a potion of ambrosia {unknown}
 j - 2 potions of curing
 k - a potion of resistance {unknown}
 l - a potion of attraction {unknown}
 m - 2 potions of cancellation {unknown}
 q - a potion of degeneration {unknown}
 r - a potion of lignification {unknown}


   Skills:
 + Level 2.3 Fighting
 + Level 1.2 Long Blades
 + Level 3.4 Dodging
 - Level 1.4 Stealth
 + Level 9.6 Spellcasting
 + Level 3.9 Conjurations
 + Level 1.7 Translocations
 + Level 10.1 Air Magic


You had 19 spell levels left.
You knew the following spells:

 Your Spells              Type           Power      Damage    Failure   Level
a - Shock                 Conj/Air       100%       1d9       1%          1
b - Static Discharge      Conj/Air       39%        3-8/arc   1%          2
c - Apportation           Tloc           34%        N/A       3%          1
d - Airstrike             Air            25%        2d(4-20)  1%          4

Your spell library contained the following spells:

 Spells                   Type           Power      Damage    Failure   Level
 Freeze                   Ice            40%        1d6       7%          1
 Swiftness                Air            51%        N/A       1%          3
 Necrotise                Necr           40%        1d6       7%          1
 Summon Small Mammal      Summ           40%        N/A       7%          1
 Portal Projectile        Hex/Tloc       26%        N/A       14%         3
 Call Canine Familiar     Summ           10%        N/A       21%         3
 Leda's Liquefaction      Hex/Erth       5%         N/A       56%         4


Dungeon Overview and Level Annotations

Branches:
Dungeon (7/15) Zot: 655    Temple (1/1) D:5 Zot: 409

Altars:
Ashenzari
Cheibriados
Dithmenos
Elyvilon
Gozag
Hepliaklqana
Kikubaaqudgha
Nemelex Xobeh
Okawaru
Ru
Sif Muna
Trog
Uskayaw
Vehumet
Wu Jian
Xom
Yredelemnul
Zin
The Shining One

Shops:
D:3 *   D:6 :


Innate Abilities, Weirdness & Mutations

You passively map the area around you.
You are easily found by Zot.
You glow in the dark.
You regain HP and MP as you explore.


Message History

The steam dragon claws you.
The sky beast flickers out of sight!
Deactivating autopickup; reactivate with Ctrl-A.
The steam dragon bites you! The steam dragon claws you.
* * * LOW HITPOINT WARNING * * *
The steam dragon bites you!
* * * LOW HITPOINT WARNING * * *
The steam dragon closely misses you.
Okay, then.
Okay, then.
Okay, then.
It was a potion of curing.
You feel better. The steam dragon completely misses you.
The steam dragon barely misses you.
You hit the steam dragon.
The steam dragon is moderately wounded.
The steam dragon barely misses you. The steam dragon claws you.
* * * LOW HITPOINT WARNING * * *
You hit the steam dragon but do no damage.
The steam dragon is moderately wounded.
The steam dragon breathes steam at you. The ball of steam misses you.
You barely miss the steam dragon.
The steam dragon is moderately wounded.
The steam dragon bites you!
* * * LOW HITPOINT WARNING * * *
The steam dragon closely misses you. x2; The steam dragon claws you.
* * * LOW HITPOINT WARNING * * *
A sky beast appears from thin air!
Reactivating autopickup.
The steam dragon breathes steam at you. The ball of steam misses you.
Found a scroll of amnesia.
The sky beast flickers out of sight!
Deactivating autopickup; reactivate with Ctrl-A.
The steam dragon attacks as you move away!
The steam dragon bites you.
* * * LOW HITPOINT WARNING * * *
The steam dragon claws you but does no damage.
You barely miss the steam dragon.
The steam dragon is moderately wounded.
The steam dragon bites you!
You die...

,,,*,*######### *,**,,,
,,,*,,........# *,,,,,,
,,,*********#.# *,*,,,, ,,,* #.#
*,***** ,,,* #.# ***,***** ,***
#<# **,,,,,**, ,*******#####§#
**,,***,**,
,**,,,,,,...#.#########.*,* *,**,
,,<,,,,,,*#.#..D@.$..?..,,***,**,
,**,****,*,#..###.######,,,,,,**,
,**,* *,,*##§#**...,* *,,******,
,**,* *,*,*Yh..,.##.# *,,* **,,
***,* *,**.#.....#*,# *,,* *,,, *
*,** *,*###.......,* *,,* *,,, *
*,,* *,***#.....##,***,,* *,*,
****,***,**,........,,,,,,* *,*,
,,,,,,,,,,,,###.####,***,*****,*,


You could see a steam dragon.

Vanquished Creatures
  Pikel (D:6)
  Grinder (D:6)
  Sigmund (D:5)
  Eustachio (D:5)
  A steam dragon (D:7)
  Edmund (D:5)
  A sky beast (D:6)
  A black bear (D:5)
  Blork the orc (D:5)
  A kobold brigand (D:6)
  2 bullfrogs
  A scorpion (D:4)
  Crazy Yiuf (D:6)
  3 hounds (D:5)
  A jelly (D:6)
  A gnoll bouda (D:6)
  Jessica (D:2)
  5 iguanas
  5 gnolls (D:6)
  12 adders
  A worm (D:4)
  2 dart slugs
  6 orcs
  7 endoplasms
  3 giant cockroaches
  7 goblins
  5 hobgoblins
  4 jackals (D:4)
  3 quokkas
  5 ball pythons
  3 bats
  9 kobolds
  5 rats
102 creatures vanquished.

Vanquished Creatures (others)
  A plant (D:1)
1 creature vanquished.

Grand Total: 103 creatures vanquished

Notes
Turn   | Place    | Note
-------+----------+-------------------------------------------
     0 | D:1      | hawla the Meteoran Air Elementalist began the quest for the
                  | Orb.
     0 | D:1      | Reached XP level 1. HP: 14/14 MP: 5/5
   131 | D:1      | Reached skill level 4 in Air Magic
   140 | D:1      | Reached XP level 2. HP: 20/20 MP: 4/6
   143 | D:1      | Learned a level 2 spell: Static Discharge
   496 | D:1      | Glimpsed the power of Zot.
   587 | D:2      | Reached XP level 3. HP: 26/26 MP: 1/8
   613 | D:2      | Learned a level 1 spell: Apportation
   708 | D:2      | Reached skill level 1 in Translocations
   731 | D:2      | Noticed Jessica
   739 | D:2      | Reached XP level 4. HP: 33/34 MP: 6/9
   751 | D:1      | Learned a level 4 spell: Airstrike
   755 | D:2      | Killed Jessica
   756 | D:2      | Reached skill level 5 in Air Magic
   838 | D:2      | Reached XP level 5. HP: 37/39 MP: 5/10
  1020 | D:3      | Found Cunuvih's Assorted Antiques.
  1030 | D:3      | Bought a lumpy clear potion for 18 gold pieces
  1030 | D:3      | Bought a fuming black potion for 18 gold pieces
  1030 | D:3      | Bought a sapphire potion for 18 gold pieces
  1175 | D:3      | Reached skill level 6 in Air Magic
  1805 | D:4      | Reached XP level 6. HP: 46/46 MP: 8/12
  1917 | D:4      | Identified the +10 plate armour "Zoataxusi" {Int+2}
  1926 | D:4      | Reached skill level 1 in Fighting
  2188 | D:4      | Reached XP level 7. HP: 52/52 MP: 4/14
  2296 | D:4      | Glimpsed the power of Zot.
  2326 | D:5      | Entered Level 5 of the Dungeon
  2337 | D:5      | Reached skill level 7 in Air Magic
  2549 | D:5      | Noticed Blork the orc
  2549 | D:5      | Noticed Edmund
  2551 | D:5      | Killed Blork the orc
  2552 | D:5      | Reached skill level 5 in Spellcasting
  2560 | D:5      | Killed Edmund
  2561 | D:5      | Reached XP level 8. HP: 29/59 MP: 13/17
  2810 | D:5      | Noticed Sigmund
  2817 | D:6      | Noticed Pikel
  2822 | D:6      | Killed Pikel
  2823 | D:6      | Reached skill level 8 in Air Magic
  2823 | D:6      | Gained mutation: You passively map the area around you.
                  | [Meteoran growth]
  2823 | D:6      | Reached XP level 9. HP: 42/67 MP: 7/21
  2920 | D:5      | Noticed Eustachio
  2924 | D:5      | Killed Eustachio
  2925 | D:5      | Found a staircase to the Ecumenical Temple.
  2935 | Temple   | Entered the Ecumenical Temple
  3108 | Temple   | Became a worshipper of Vehumet
  3179 | D:5      | Killed Sigmund
  3180 | D:5      | Reached skill level 9 in Air Magic
  3340 | D:6      | Found a runed translucent door.
  3341 | D:6      | Noticed Crazy Yiuf
  3385 | D:6      | Killed Crazy Yiuf
  3458 | D:6      | Noticed Grinder
  3460 | D:6      | Killed Grinder
  3461 | D:6      | Reached skill level 10 in Air Magic
  3596 | D:6      | Reached skill level 1 in Long Blades
  3633 | D:6      | Found Qaquf's Book Shop.
  3676 | D:6      | Glimpsed the power of Zot.
  3690 | D:7      | Identified the +7 long sword "Zaanador" {antimagic, rF+}
  3703 | D:7      | Reached * piety under Vehumet
  3703 | D:7      | Offered knowledge of Freeze by Vehumet.
  3717 | D:7      | Slain by a steam dragon

Illustrated notes

Levels and vault maps discovered:
D:1:      kilobyte_arrival_exit_the_forest, layout_loops_ring, serial_forest,
          infiniplex_forest_clump_diagonal, infiniplex_forest_clump_double,
          infiniplex_forest_split, infiniplex_forest_end_3,
          infiniplex_forest_clump_medium, ebering_ecumenical_altar_rust,
          reono_crystal_passage
D:2:      layout_basic, uniq_jessica
D:3:      layout_loops_ring, serial_shops, nicolae_shop_statue_plus
D:4:      layout_basic
D:5:      layout_layer_cave, minmay_temple_entry_nine_rooms, roderic_lattice_a,
          uniq_sigmund, uniq_blork_the_orc, uniq_eustachio, uniq_edmund
D:6:      layout_rooms, serial_shops, nicolae_shop_hallway_plus, uniq_pikel,
          uniq_crazy_yiuf_cottage, uniq_grinder
D:7:      layout_loops_ring, chequers_temple_overflow_statue_of_worship,
          chequers_ossuary_entry_cave
Temple:   nicolae_temple_bog_church

Skill      XL: |  1  2  3  4  5  6  7  8  9 |
---------------+----------------------------+-----
Air Magic      | 4 5 6 7 8 10 | 10.1
Translocations | 1 |  1.7
Spellcasting   | 3 4 5 7 9 |  9.6
Conjurations   | 2 3 |  3.9
Fighting       | 1 2 |  2.3
Dodging        | 3 |  3.4
Long Blades    | 1 |  1.2
Stealth        | |  1.4

Action                   |  1- 3 |  4- 6 |  7- 9 || total
-------------------------+-------+-------+-------++-------
Melee: Unarmed           |     6 |    15 |       ||    21
       Long sword        |       |       |    29 ||    29
 Cast: Shock             |    41 |    45 |     6 ||    92
       Apportation       |     3 |       |     3 ||     6
       Static Discharge  |     2 |     8 |    22 ||    32
       Airstrike         |       |    18 |    33 ||    51
  Use: Scroll            |     1 |     6 |     3 ||    10
       Potion            |       |       |     4 ||     4
Armor: Robe              |     4 |     8 |    27 ||    39
Dodge: Dodged            |     6 |    12 |    43 ||    61
